[Event "ICCopen2017"]
[Site "Internet Chess Club"]
[Date "2017.03.19"]
[Round "1"]
[White "hecan58"]
[Black "MATEPROOF"]
[Result "0-1"]
[ICCResult "White forfeits on time"]
[WhiteElo "1366"]
[BlackElo "1921"]
[Opening "Sicilian: Smith-Morra gambit"]
[ECO "B21"]
[NIC "SI.48"]
[Time "19:00:51"]
[TimeControl "180+0"]

1. e4 c5 2. d4 cxd4 3. c3 dxc3 4. Nxc3 Nc6 5. Nf3 g6 6. Bc4 Bg7 7. Qe2 d6 8.
O-O Nf6 9. h3 O-O 10. Rd1 Qa5 11. Be3 a6 12. Rac1 Qh5 13. Bb3 h6 14. a3 Be6
15. Nd5 Bxd5 16. exd5 Ne5 17. Nd4 Qxe2 18. Nxe2 Rac8 19. Bb6 Ned7 20. Ba5
Ne4 21. Rb1 b6 22. Be1 Ndc5 23. Bc2 Rc7 24. f3 Nf6 25. b4 Ncd7 26. Bb3 Rfc8
27. Kf2 Ne5 28. Kg1 Nc4 29. a4 Ne3 30. Rd3 Nc2 31. Bf2 Nxb4 32. Rdd1 b5 33.
axb5 axb5 34. Nf4 Rc3 35. Bd4 R3c7 36. Bf2 Nc2 37. Bxc2 Rxc2 38. Rxb5 g5 39.
Nd3 Ra2 40. Nb4 Rb2 41. Rb6 Rc4 42. Nc6 Rxb6 43. Bxb6 Nxd5 44. Rxd5 Rxc6 45.
Bd4 e6 {White forfeits on time} 0-1

[Event "ICCopen2017"]
[Site "Internet Chess Club"]
[Date "2017.03.19"]
[Round "1"]
[White "moonriver"]
[Black "okiemark"]
[Result "0-1"]
[ICCResult "White forfeits on time"]
[WhiteElo "1366"]
[BlackElo "1926"]
[Opening "Queen's pawn: Torre attack"]
[ECO "A46"]
[NIC "QP.04"]
[Time "19:04:45"]
[TimeControl "180+0"]

1. d4 Nf6 2. Nf3 e6 3. Bg5 c5 4. e3 Qb6 5. b3 Ne4 6. Bh4 cxd4 7. Qxd4 Bb4+
8. c3 Qxd4 9. exd4 Nxc3 10. Nfd2 Ne4 11. a3 Bxd2+ 12. Nxd2 Nxd2 13. Kxd2 Nc6
14. Kd3 b6 15. b4 Ba6+ 16. Ke3 Bxf1 17. Rhxf1 f6 18. Rac1 Ke7 19. Rc3 b5 20.
Rfc1 Rhc8 21. Rc5 a6 22. Bg3 Na7 23. d5 Nc6 24. dxc6 d6 25. R5c2 e5 26. f4
Rc7 27. fxe5 fxe5 28. Ke4 Ke6 29. Bf2 Rac8 30. Bb6 d5+ 31. Ke3 Rf7 32. c7
d4+ 33. Ke2 Kd7 34. Rd2 Rcf8 35. Kd3 Kc8 36. Ke4 Re8 37. Rcc2 Rf4+ 38. Kd3
Re6 {White forfeits on time} 0-1

[Event "ICCopen2017"]
[Site "Internet Chess Club"]
[Date "2017.03.19"]
[Round "1"]
[White "Equilibrium"]
[Black "VrloJakMK"]
[Result "0-1"]
[ICCResult "White resigns"]
[WhiteElo "1437"]
[BlackElo "2079"]
[Opening "King's Indian: fianchetto, Panno variation"]
[ECO "E63"]
[NIC "KI.71"]
[Time "19:07:28"]
[TimeControl "180+0"]

1. Nf3 Nf6 2. g3 g6 3. Bg2 Bg7 4. O-O O-O 5. d4 d6 6. c4 Nc6 7. Nc3 a6 8. d5
Na5 9. b3 c5 10. Bb2 Rb8 11. Qc2 b5 12. Rad1 bxc4 13. Nd2 cxb3 14. axb3 Ng4
15. e4 Bd7 16. h3 Nf6 17. f4 Qb6 18. Kh1 Nxb3 19. e5 Nh5 20. Nxb3 Qxb3 21.
Qxb3 Rxb3 22. Ba1 Nxg3+ 23. Kh2 Nxf1+ 24. Bxf1 dxe5 25. Bxa6 exf4 26. Ne4
Bxa1 27. Rxa1 Rxh3+ 28. Kg2 Re3 29. Nxc5 Bf5 30. Bb5 h5 31. Bd7 Bxd7 32.
Nxd7 Rd8 33. Ra7 Kg7 34. Kf2 h4 35. Nb6 Rb3 36. Ra6 h3 37. Nc4 Rxd5 38. Ra1
Rc5 39. Nd2 Rc2 40. Ke2 h2 41. Rh1 Rbb2 {White resigns} 0-1

[Event "ICCopen2017"]
[Site "Internet Chess Club"]
[Date "2017.03.19"]
[Round "1"]
[White "Dupinpon"]
[Black "Baltimora"]
[Result "0-1"]
[ICCResult "White forfeits on time"]
[WhiteElo "1568"]
[BlackElo "2317"]
[Opening "French: advance, Nimzovich system"]
[ECO "C02"]
[NIC "FR.03"]
[Time "19:07:05"]
[TimeControl "180+0"]

1. e4 e6 2. d4 d5 3. e5 c5 4. Nf3 Nc6 5. Bd3 f6 6. Bf4 g5 7. Nxg5 fxg5 8.
Qh5+ Kd7 9. Bxg5 Be7 10. Qf7 Qf8 11. Qxf8 Bxf8 12. dxc5 Nxe5 13. Bb5+ Kc7
14. Bf4 Bg7 15. Nd2 Bd7 16. a4 a6 17. Be2 Ne7 18. O-O Ng6 19. Bg3 h5 20. f4
h4 21. Bxh4 Rxh4 22. fxe5 Nxe5 23. Nf3 Nxf3+ 24. Rxf3 Be5 25. g3 Rh7 26. Bd3
Rg7 27. Re1 Bd4+ 28. Kg2 Bxc5 29. c3 Bd6 30. b4 e5 31. Bb1 b5 32. Rf6 bxa4
33. Ba2 Bc6 34. Kg1 e4 35. Rf5 d4 36. cxd4 Bxb4 37. Rc1 Ba5 38. Bd5 Rc8 39.
Rxc6+ Kb8 40. Rxa6 Bd2 41. Ra8+ Kc7 42. Ra7+ Kb6 43. Rxg7 e3 44. Rf6+ Kb5
45. Rb7+ Ka5 46. Rff7 e2 47. Ra7+ Kb4 48. Rfb7+ Ka3 49. Rb1 e1=Q+ 50. Rxe1
Bxe1 51. g4 Bc3 52. Kg2 Bxd4 {White forfeits on time} 0-1

[Event "ICCopen2017"]
[Site "Internet Chess Club"]
[Date "2017.03.19"]
[Round "1"]
[White "Cramagica"]
[Black "marinocid"]
[Result "0-1"]
[ICCResult "White forfeits on time"]
[WhiteElo "1125"]
[BlackElo "1837"]
[Opening "English: ultra-symmetrical variation"]
[ECO "A36"]
[NIC "EO.29"]
[Time "19:10:37"]
[TimeControl "180+0"]

1. c4 c5 2. Nc3 Nc6 3. g3 g6 4. Bg2 Bg7 5. e3 Nh6 6. Nge2 Nf5 7. O-O h5 8.
a3 d6 9. h4 Bd7 10. Nf4 a6 11. Nfd5 Rb8 12. Rb1 b5 13. cxb5 axb5 14. b4 c4
15. Bb2 Ne5 16. Qc2 Nd3 17. Be4 Nxb2 18. Qxb2 O-O 19. Qc2 Ra8 20. a4 bxa4
21. Nxa4 Bxa4 22. Qxc4 e6 23. Nf4 d5 24. Nxd5 exd5 25. Bxd5 Rb8 26. d4 Bb5
27. Qc5 Bxf1 28. Kxf1 Qd6 29. b5 Nxe3+ 30. fxe3 Qxg3 31. Qe7 Bh6 32. e4 Qd3+
33. Kg2 Qxb1 34. e5 Rxb5 {White forfeits on time} 0-1

[Event "ICCopen2017"]
[Site "Internet Chess Club"]
[Date "2017.03.19"]
[Round "1"]
[White "MichaelBelikow"]
[Black "manusupergm2001"]
[Result "0-1"]
[ICCResult "White resigns"]
[WhiteElo "1509"]
[BlackElo "2162"]
[Opening "Sicilian defense"]
[ECO "B30"]
[NIC "SI.31"]
[Time "19:14:26"]
[TimeControl "180+0"]

1. e4 c5 2. Nf3 Nc6 3. d3 Nf6 4. Be2 e6 5. Nc3 d5 6. O-O Be7 7. h3 O-O 8.
exd5 exd5 9. Nh2 Be6 10. Bg4 Qd7 11. Bxe6 fxe6 12. f4 e5 13. fxe5 Nxe5 14.
Nf3 Bd6 15. Nxe5 Bxe5 16. Bf4 Bd4+ 17. Kh1 Rfe8 18. Bg5 Qe6 19. Qf3 Rf8 20.
Bxf6 Qxf6 21. Qxd5+ Kh8 22. Rxf6 Bxf6 23. Ne4 Bxb2 24. Rb1 Bd4 25. Rxb7 Rf1+
26. Kh2 Raf8 27. Ng3 Bg1+ 28. Kh1 Ra1 29. Qd7 Bd4+ 30. Kh2 h6 31. Nf5 Be5+
32. g3 Rxa2 33. Nxg7 Rxc2+ 34. Kg1 Bd4+ {White resigns} 0-1

[Event "ICCopen2017"]
[Site "Internet Chess Club"]
[Date "2017.03.19"]
[Round "1"]
[White "patterncircular"]
[Black "Jorsay"]
[Result "1-0"]
[ICCResult "Black forfeits on time"]
[WhiteElo "2083"]
[BlackElo "1438"]
[Opening "Réti opening"]
[ECO "A05"]
[NIC "QP.11"]
[Time "19:13:17"]
[TimeControl "180+0"]

1. Nf3 Nf6 2. d3 g6 3. c3 Bg7 4. Bg5 d6 5. Nbd2 c5 6. e4 Nc6 7. Be2 Bg4 8.
O-O O-O 9. h3 Bd7 10. Qc2 h6 11. Bh4 Kh7 12. Bg3 a6 13. Rfe1 b5 14. Rad1 Qb6
15. a3 a5 16. a4 b4 17. Nc4 Qc7 18. Nfd2 Rad8 19. Ne3 Bc8 20. Ndc4 Qa7 21.
f4 e6 22. Bf2 d5 23. Ne5 Nxe5 24. fxe5 Nd7 25. exd5 Nxe5 26. dxe6 Bxe6 27.
Nc4 Nxc4 28. dxc4 Qc7 29. cxb4 cxb4 30. b3 Bc3 31. Rxd8 Rxd8 32. Rd1 Rxd1+
33. Qxd1 Qe5 34. Bf3 Qf4 35. Qe2 Qc1+ 36. Kh2 Qf4+ 37. g3 Qf5 38. Bg2 Qf6
39. Bg1 Qg5 40. Bf2 Qc1 41. Qf1 Qb2 42. c5 Qxb3 43. c6 Qc4 44. Qxc4 Bxc4 45.
c7 Ba6 46. Bd5 Bc8 47. Bxf7 Kg7 48. Bd5 Kf6 49. Bc6 Ke7 50. Bb6
{Black forfeits on time}
1-0

[Event "ICCopen2017"]
[Site "Internet Chess Club"]
[Date "2017.03.19"]
[Round "2"]
[White "metroactus"]
[Black "blackending"]
[Result "0-1"]
[ICCResult "White resigns"]
[WhiteElo "1181"]
[BlackElo "1573"]
[Opening "Queen's pawn: London system"]
[ECO "A45"]
[NIC "QP.07"]
[Time "19:22:10"]
[TimeControl "180+0"]

1. d4 Nf6 2. Bf4 g6 3. e3 Bg7 4. Bd3 O-O 5. Nf3 d6 6. O-O Nbd7 7. c4 Re8 8.
Nc3 e5 9. dxe5 dxe5 10. Bg3 e4 11. Nxe4 Nxe4 12. Bxe4 Rxe4 13. Qd5 Re8 14.
Ng5 Qxg5 {White resigns} 0-1

[Event "ICCopen2017"]
[Site "Internet Chess Club"]
[Date "2017.03.19"]
[Round "2"]
[White "Ernie1"]
[Black "Osinger"]
[Result "0-1"]
[ICCResult "White resigns"]
[WhiteElo "1278"]
[BlackElo "1596"]
[Opening "Old Benoni defense"]
[ECO "A43"]
[NIC "OI.09"]
[Time "19:22:34"]
[TimeControl "180+0"]

1. d4 c5 2. e3 e6 3. Nf3 a6 4. c3 b5 5. dxc5 Bxc5 6. b4 Ba7 7. Bb2 Ne7 8. c4
bxc4 9. Bxc4 O-O 10. Bd3 f5 11. O-O Bb7 12. Nbd2 Nbc6 13. Qe2 Nxb4 14. Bxa6
Bxa6 {White resigns} 0-1

[Event "ICCopen2017"]
[Site "Internet Chess Club"]
[Date "2017.03.19"]
[Round "2"]
[White "Indiana-Jones"]
[Black "juandeperea"]
[Result "1-0"]
[ICCResult "Black resigns"]
[WhiteElo "2721"]
[BlackElo "1940"]
[Opening "English: symmetrical, four knights system"]
[ECO "A30"]
[NIC "QP.11"]
[Time "19:21:42"]
[TimeControl "180+0"]

1. Nf3 Nf6 2. c4 c5 3. Nc3 Nc6 4. e3 e6 5. d4 cxd4 6. exd4 d5 7. Bg5 Be7 8.
c5 O-O 9. Bb5 Bd7 10. O-O h6 11. Bf4 b6 12. Bxc6 Bxc6 13. b4 bxc5 14. dxc5
Nh5 15. Be3 Rb8 16. Nd4 {Black resigns} 1-0

[Event "ICCopen2017"]
[Site "Internet Chess Club"]
[Date "2017.03.19"]
[Round "2"]
[White "okiemark"]
[Black "jefferyx"]
[Result "0-1"]
[ICCResult "White resigns"]
[WhiteElo "1926"]
[BlackElo "2668"]
[Opening "Réti opening"]
[ECO "A30"]
[NIC "EO.49"]
[Time "19:21:48"]
[TimeControl "180+0"]

1. Nf3 c5 2. c4 Nf6 3. g3 d5 4. Bg2 Nc6 5. cxd5 Nxd5 6. O-O e5 7. d3 Be7 8.
Nc3 Be6 9. Ng5 Bxg5 10. Bxg5 Nxc3 11. Bxd8 Nxd1 12. Bxc6+ bxc6 13. Bc7 Nxb2
14. a4 f6 15. Rfb1 Kd7 16. Ba5 Rab8 17. Bc3 Rb3 18. Rc1 Rhb8 19. Ra2 Rxc3
20. Rxc3 Bxa2 {White resigns} 0-1

[Event "ICCopen2017"]
[Site "Internet Chess Club"]
[Date "2017.03.19"]
[Round "2"]
[White "refid"]
[Black "canary2016"]
[Result "1-0"]
[ICCResult "Black checkmated"]
[WhiteElo "1785"]
[BlackElo "1445"]
[Opening "Caro-Kann: classical, 6.h4"]
[ECO "B18"]
[NIC "CK.11"]
[Time "19:21:42"]
[TimeControl "180+0"]

1. e4 c6 2. d4 d5 3. Nd2 dxe4 4. Nxe4 Bf5 5. Ng3 Bg6 6. h4 h6 7. Nh3 Nd7 8.
Bc4 Ngf6 9. Nf4 Bh7 10. Qe2 e6 11. Be3 Bb4+ 12. c3 Be7 13. O-O-O Qb6 14.
Ngh5 O-O 15. g4 Qa5 16. g5 hxg5 17. hxg5 Nxh5 18. Qxh5 Qxg5 19. Qxh7#
{Black checkmated}
1-0

[Event "ICCopen2017"]
[Site "Internet Chess Club"]
[Date "2017.03.19"]
[Round "2"]
[White "jbow79"]
[Black "patterncircular"]
[Result "0-1"]
[ICCResult "White resigns"]
[WhiteElo "931"]
[BlackElo "2083"]
[Opening "Queen's Pawn"]
[ECO "A41"]
[NIC "QO.17"]
[Time "19:22:07"]
[TimeControl "180+0"]

1. d4 d6 2. Nf3 Nf6 3. g3 c6 4. Bg2 Bf5 5. O-O Nbd7 6. Bg5 h6 7. Bxf6 Nxf6
8. c3 e6 9. Nbd2 d5 10. Re1 Be7 11. Qb3 Qb6 12. Qxb6 axb6 13. b4 b5 14. Nb3
b6 15. Nh4 Bh7 16. Nf3 O-O 17. Ne5 Rfc8 18. Nd2 Ra3 19. Rec1 Ne8 20. Nb1 Ra7
21. Nd2 f6 22. Nef3 Rca8 23. Rc2 Bxc2 {White resigns} 0-1

[Event "ICCopen2017"]
[Site "Internet Chess Club"]
[Date "2017.03.19"]
[Round "2"]
[White "dashingfox"]
[Black "x22"]
[Result "0-1"]
[ICCResult "White resigns"]
[WhiteElo "1838"]
[BlackElo "2368"]
[Opening "Sicilian defense"]
[ECO "B40"]
[NIC "SI.43"]
[Time "19:22:05"]
[TimeControl "180+0"]

1. e4 c5 2. Nf3 e6 3. Nc3 a6 4. d3 Nc6 5. g3 g6 6. Bg2 Bg7 7. O-O h6 8. Re1
d6 9. h4 b5 10. Ne2 Nge7 11. c3 Bb7 12. Be3 Qd7 13. Qd2 Rd8 14. d4 Qc7 15.
d5 exd5 16. exd5 Ne5 17. Nxe5 dxe5 18. Rad1 Nxd5 19. Qc1 Nxe3 20. Qxe3 Rxd1
21. Rxd1 Bxg2 22. Kxg2 O-O 23. Rd5 Re8 24. Qxc5 Qxc5 25. Rxc5 Rd8 26. Rc6
Rd2 27. Nc1 e4 28. Nb3 Rxb2 29. Rxa6 e3 30. Ra8+ Kh7 31. Rb8 e2 32. Re8 Bxc3
{White resigns}
0-1

[Event "ICCopen2017"]
[Site "Internet Chess Club"]
[Date "2017.03.19"]
[Round "2"]
[White "croder"]
[Black "Cramagica"]
[Result "0-1"]
[ICCResult "White checkmated"]
[WhiteElo "1540"]
[BlackElo "1155"]
[Opening "Sicilian: closed"]
[ECO "B23"]
[NIC "SI.44"]
[Time "19:22:25"]
[TimeControl "180+0"]

1. e4 c5 2. Nc3 d6 3. d3 Nf6 4. Nf3 a6 5. Be3 b5 6. Be2 Bb7 7. a3 Nc6 8. O-O
e5 9. Qc1 Be7 10. Rb1 Ng4 11. h3 Nxe3 12. fxe3 O-O 13. d4 cxd4 14. exd4 Nxd4
15. Nd5 Nxe2+ 16. Kf2 Nxc1 17. Rbxc1 Rc8 18. c3 f5 19. Nxe7+ Qxe7 20. exf5
Rxf5 21. Kg1 Rc4 22. b3 Rcf4 23. Nd2 Rxf1+ 24. Nxf1 Qg5 25. g3 Qxc1 26. g4
Qxf1+ 27. Kh2 Qg2# {White checkmated} 0-1

[Event "ICCopen2017"]
[Site "Internet Chess Club"]
[Date "2017.03.19"]
[Round "2"]
[White "gigger"]
[Black "BillietheKid"]
[Result "1-0"]
[ICCResult "Black resigns"]
[WhiteElo "1796"]
[BlackElo "1392"]
[Opening "Sicilian defense"]
[ECO "B20"]
[NIC "SI.48"]
[Time "19:22:44"]
[TimeControl "180+0"]

1. e4 c5 2. d3 Nc6 3. g3 d6 4. Bg2 Be6 5. Ne2 Qd7 6. Nf4 Bg4 7. f3 Be6 8.
O-O Nd4 9. c3 Nc6 10. Be3 Nf6 11. Nd2 g6 12. d4 cxd4 13. cxd4 Bg7 14. d5
Nxd5 15. exd5 {Black resigns} 1-0

[Event "ICCopen2017"]
[Site "Internet Chess Club"]
[Date "2017.03.19"]
[Round "2"]
[White "Activekids"]
[Black "Eliezer"]
[Result "1-0"]
[ICCResult "Black checkmated"]
[WhiteElo "1990"]
[BlackElo "1457"]
[Opening "Three knights game"]
[ECO "C46"]
[NIC "KP.06"]
[Time "19:23:09"]
[TimeControl "180+0"]

1. e4 e5 2. Nf3 Nc6 3. Nc3 d6 4. d4 Bg4 5. Bb5 exd4 6. Qxd4 Bxf3 7. gxf3 Nf6
8. Nd5 Be7 9. Rg1 O-O 10. Qc3 Nxd5 11. Qxg7# {Black checkmated} 1-0

[Event "ICCopen2017"]
[Site "Internet Chess Club"]
[Date "2017.03.19"]
[Round "2"]
[White "kaimann"]
[Black "elshan-defence"]
[Result "0-1"]
[ICCResult "White resigns"]
[WhiteElo "1960"]
[BlackElo "2703"]
[Opening "Benko's opening"]
[ECO "A00"]
[NIC "VO.09"]
[Time "19:21:41"]
[TimeControl "180+0"]

1. g3 d5 2. Bg2 c6 3. d3 Nf6 4. Nd2 Bf5 5. e4 Bg6 6. Ne2 e5 7. O-O Bc5 8. c3
Nbd7 9. Qb3 Bb6 10. h3 O-O 11. Kh2 Nc5 12. Qc2 dxe4 13. dxe4 Qd3 14. Qxd3
Nxd3 15. f4 exf4 16. gxf4 Rfe8 17. e5 Nd5 18. Nc4 Bc7 19. f5 Nxe5 20. Nxe5
Bxe5+ 21. Kh1 Bh5 22. Ng3 Bxg3 {White resigns} 0-1

[Event "ICCopen2017"]
[Site "Internet Chess Club"]
[Date "2017.03.19"]
[Round "2"]
[White "AAntonioEu"]
[Black "FiveCardDraw"]
[Result "1-0"]
[ICCResult "Black checkmated"]
[WhiteElo "2037"]
[BlackElo "1526"]
[Opening "French: Winawer (Nimzovich) variation"]
[ECO "C15"]
[NIC "FR.08"]
[Time "19:21:59"]
[TimeControl "180+0"]

1. e4 e6 2. d4 d5 3. Nc3 Bb4 4. exd5 exd5 5. Bd3 c6 6. Ne2 Ne7 7. Bg5 f6 8.
Bf4 O-O 9. Ng3 Bd6 10. Qf3 Bxf4 11. Qxf4 Na6 12. O-O Be6 13. Rfe1 Bf7 14.
Re2 Bg6 15. Rae1 Bxd3 16. cxd3 Ng6 17. Qg4 Qc7 18. Nf5 Qf7 19. h4 Rae8 20.
h5 Rxe2 21. Rxe2 Nh8 22. Nh6# {Black checkmated} 1-0

[Event "ICCopen2017"]
[Site "Internet Chess Club"]
[Date "2017.03.19"]
[Round "2"]
[White "Ancient"]
[Black "Bozhenka"]
[Result "0-1"]
[ICCResult "White resigns"]
[WhiteElo "2008"]
[BlackElo "2863"]
[Opening "Sicilian: Najdorf"]
[ECO "B90"]
[NIC "SI.14"]
[Time "19:21:40"]
[TimeControl "180+0"]

1. e4 c5 2. Nf3 d6 3. d4 cxd4 4. Nxd4 Nf6 5. Nc3 a6 6. Bd3 g6 7. O-O Bg7 8.
Kh1 O-O 9. f4 Nbd7 10. b3 b5 11. Bb2 Bb7 12. Nf3 Rc8 13. Qe1 Nxe4 14. Bxe4
Bxe4 15. Qxe4 Bxc3 16. Bxc3 Rxc3 17. Rae1 e6 18. Ng5 Nf6 19. Qb7 Rxc2 20.
Qxa6 Qa8 21. Qxa8 Rxa8 22. a4 bxa4 23. bxa4 Rxa4 24. h3 h6 25. Nxe6 fxe6 26.
Rxe6 Kf7 27. Rxd6 Ne4 28. Rd3 Nf2+ {White resigns} 0-1

[Event "ICCopen2017"]
[Site "Internet Chess Club"]
[Date "2017.03.19"]
[Round "2"]
[White "Elberbach"]
[Black "AlirezaFirouzja"]
[Result "0-1"]
[ICCResult "White resigns"]
[WhiteElo "843"]
[BlackElo "2591"]
[Opening "King's Indian: London system"]
[ECO "A48"]
[NIC "QP.06"]
[Time "19:22:38"]
[TimeControl "180+0"]

1. d4 Nf6 2. Nf3 g6 3. Bf4 d6 4. h3 Bg7 5. Qd3 O-O 6. g3 Nbd7 7. Bg2 Qe8 8.
O-O e5 9. dxe5 dxe5 10. Be3 e4 {White resigns} 0-1

[Event "ICCopen2017"]
[Site "Internet Chess Club"]
[Date "2017.03.19"]
[Round "2"]
[White "HuevosDeLeon"]
[Black "UnderArmour"]
[Result "1-0"]
[ICCResult "Black resigns"]
[WhiteElo "2604"]
[BlackElo "1896"]
[Opening "Queen's pawn: London system"]
[ECO "A45"]
[NIC "QP.07"]
[Time "19:22:46"]
[TimeControl "180+0"]

1. d4 Nf6 2. Bf4 e6 3. e3 c5 4. c3 d5 5. Nd2 Nc6 6. Ngf3 Bd6 7. Bg3 b6 8.
Bb5 Bd7 9. Bxd6 a6 10. Bxc6 Bxc6 11. dxc5 bxc5 12. Bxc5 Rb8 13. b4 a5 14. a4
g5 15. Ne5 Ba8 16. Qf3 d4 17. Nc6 dxc3 18. Ne4 Nxe4 19. Nxd8 Nxc5 20. Qxf7+
Kxd8 21. bxc5 c2 22. O-O {Black resigns} 1-0

[Event "ICCopen2017"]
[Site "Internet Chess Club"]
[Date "2017.03.19"]
[Round "2"]
[White "eltigrecu"]
[Black "MartinaHingis"]
[Result "0-1"]
[ICCResult "White resigns"]
[WhiteElo "1961"]
[BlackElo "2735"]
[Opening "Levitsky attack (Queen's bishop attack)"]
[ECO "D00"]
[NIC "QP.08"]
[Time "19:21:45"]
[TimeControl "180+0"]

1. d4 d5 2. Bg5 f6 3. Bh4 Nh6 4. e3 Nf5 5. Bd3 h5 6. Bxf5 Bxf5 7. h3 g5 8.
Bg3 e6 9. Nc3 Bd6 10. Bxd6 Qxd6 11. Nf3 c6 12. Qd2 Nd7 13. O-O-O O-O-O 14.
Rhe1 Kb8 15. e4 dxe4 16. Nxe4 Qd5 17. Nc3 Qa5 18. Kb1 g4 19. Nh4 gxh3 20.
Nxf5 Qxf5 21. gxh3 Qxh3 22. Re3 Qf5 23. Rde1 e5 24. d5 Nb6 25. Rd3 cxd5 26.
Nxd5 Rxd5 27. Rxd5 Nxd5 28. Qxd5 a6 29. Qd6+ Ka8 30. Qc5 Rc8 31. Qe3 Rxc2
32. Ka1 Qxf2 33. Qxf2 Rxf2 34. Rh1 e4 35. a3 e3 36. Rxh5 e2 {White resigns}
0-1

[Event "ICCopen2017"]
[Site "Internet Chess Club"]
[Date "2017.03.19"]
[Round "2"]
[White "simplerxiao"]
[Black "Irenaeus"]
[Result "1-0"]
[ICCResult "Black resigns"]
[WhiteElo "1617"]
[BlackElo "1713"]
[Opening "King's pawn game"]
[ECO "C50"]
[NIC "IG.03"]
[Time "19:22:05"]
[TimeControl "180+0"]

1. e4 e5 2. Nf3 Nc6 3. Bc4 g6 4. O-O Bg7 5. c3 Nge7 6. d4 O-O 7. Re1 exd4 8.
cxd4 d5 9. exd5 Nxd5 10. Nc3 Nxc3 11. bxc3 Na5 12. Bb5 c6 13. Ba4 b5 14. Bc2
Nc4 15. a4 Qb6 16. axb5 cxb5 17. Bg5 Be6 18. Be7 Rfe8 19. Bc5 Qb7 20. Be4
Bd5 21. Bxd5 Qxd5 22. Rxa7 Rxe1+ 23. Qxe1 Rxa7 24. Qe8+ {Black resigns} 1-0

[Event "ICCopen2017"]
[Site "Internet Chess Club"]
[Date "2017.03.19"]
[Round "2"]
[White "olimpioMD"]
[Black "WAHEHE"]
[Result "0-1"]
[ICCResult "White checkmated"]
[WhiteElo "1356"]
[BlackElo "1696"]
[Opening "Old Indian defense"]
[ECO "A42"]
[NIC "OI.07"]
[Time "19:22:56"]
[TimeControl "180+0"]

1. d4 d6 2. c4 c6 3. Nc3 Nf6 4. e4 g6 5. Bd3 Bg7 6. Bf4 O-O 7. Nf3 Nh5 8.
Be3 e5 9. h3 Nd7 10. Qc1 exd4 11. Bh6 dxc3 12. bxc3 Bxh6 13. Qxh6 f6 14. g4
Ng7 15. g5 f5 16. exf5 Nxf5 17. Bxf5 Rxf5 18. O-O-O d5 19. Nd4 Rf7 20. Ne6
Qa5 21. Kb2 Nc5 22. Nxc5 Qxc5 23. Rde1 Bf5 24. Re5 Qxc4 25. Rhe1 Qb5+ 26.
Ka1 Raf8 27. Re8 Qc5 28. h4 Qxc3# {White checkmated} 0-1

[Event "ICCopen2017"]
[Site "Internet Chess Club"]
[Date "2017.03.19"]
[Round "2"]
[White "KH"]
[Black "K-Georgiev"]
[Result "0-1"]
[ICCResult "White resigns"]
[WhiteElo "2043"]
[BlackElo "2963"]
[Opening "KGA: Carrera (Basman) gambit"]
[ECO "C33"]
[NIC "KG.03"]
[Time "19:22:12"]
[TimeControl "180+0"]

1. f4 e5 2. e4 exf4 3. Qe2 Qh4+ 4. Kd1 Qe7 5. d4 g5 6. h4 f6 7. hxg5 fxg5 8.
Qh5+ Kd8 9. Nf3 Nf6 10. Qxg5 Nxe4 11. Qxe7+ Bxe7 12. Ke1 Bd6 13. Nbd2 Ng3
14. Rh4 b6 15. Nc4 Be7 16. Rxf4 Nxf1 17. Kxf1 Ba6 18. d5 b5 19. Nce5 Rf8 20.
Rxf8+ Bxf8 21. Bg5+ Kc8 22. c3 b4+ 23. c4 d6 24. Ng4 Bxc4+ 25. Kf2 Bxd5 26.
Nf6 Bxf3 27. Kxf3 h6 28. Bf4 Nd7 29. Nh7 Bg7 30. Rc1 Kb7 31. Kg4 Rh8 32. Re1
Bxb2 33. Re7 Rxh7 34. Rxh7 Nf6+ 35. Kf5 Nxh7 36. Kg6 Nf6 37. Bxh6 Ng4 38.
Bg7 Bxg7 39. Kxg7 Ne3 40. g3 Nf5+ {White resigns} 0-1

[Event "ICCopen2017"]
[Site "Internet Chess Club"]
[Date "2017.03.19"]
[Round "2"]
[White "x-plica"]
[Black "Palse"]
[Result "0-1"]
[ICCResult "White resigns"]
[WhiteElo "1330"]
[BlackElo "2158"]
[Opening "Sicilian"]
[ECO "B50"]
[NIC "SI.01"]
[Time "19:21:56"]
[TimeControl "180+0"]

1. e4 c5 2. Nf3 d6 3. d3 Nc6 4. c4 g6 5. Nc3 Bg7 6. Bd2 Bg4 7. Be2 e6 8. O-O
Nge7 9. Qc1 h6 10. h3 Bxf3 11. Bxf3 Nd4 12. Bd1 Nec6 13. f4 O-O 14. Ne2 f5
15. Nxd4 Bxd4+ 16. Kh1 Qf6 17. Bc3 Kh7 18. Bf3 Rad8 19. e5 dxe5 20. Bxc6
bxc6 21. Bxd4 Rxd4 22. fxe5 Qxe5 23. Qc3 Qd6 24. Rad1 e5 25. Rfe1 e4 26. Qb3
Rd8 27. Qb7+ Rd7 28. Qc8 Rxd3 29. Rc1 Rd8 30. Qa6 Qc7 31. b3 Rd2 32. Qa3
Rxg2 33. Kxg2 Rd2+ 34. Kf1 Qf4+ 35. Kg1 Qg3+ {White resigns} 0-1

[Event "ICCopen2017"]
[Site "Internet Chess Club"]
[Date "2017.03.19"]
[Round "2"]
[White "geilgambler"]
[Black "pabrazilian"]
[Result "1-0"]
[ICCResult "Black checkmated"]
[WhiteElo "1755"]
[BlackElo "1404"]
[Opening "Queen's pawn: Chigorin variation"]
[ECO "D00"]
[NIC "QP.08"]
[Time "19:22:02"]
[TimeControl "180+0"]

1. d4 d5 2. Nc3 c6 3. Bf4 Nf6 4. Nf3 e6 5. e3 Nbd7 6. Be2 Nh5 7. Bg5 f6 8.
Bh4 g5 9. Nxg5 fxg5 10. Bxh5+ Ke7 11. Bxg5+ Nf6 12. e4 dxe4 13. Nxe4 Bg7 14.
Qf3 Rf8 15. O-O-O h6 16. Bh4 Bd7 17. Rhe1 Be8 18. Bg4 Bd7 19. Nc5 Qc8 20.
Nxe6 Kf7 21. Nxg7 Kxg7 22. Re7+ Kg8 23. Bxf6 Bxg4 24. Rg7+ Kh8 25. Rd7+ Rxf6
26. Qxf6+ Kg8 27. Qg7# {Black checkmated} 1-0

[Event "ICCopen2017"]
[Site "Internet Chess Club"]
[Date "2017.03.19"]
[Round "2"]
[White "Svinotigr"]
[Black "Attalus"]
[Result "1-0"]
[ICCResult "Black resigns"]
[WhiteElo "1668"]
[BlackElo "1342"]
[Opening "Réti opening"]
[ECO "A05"]
[NIC "QP.11"]
[Time "19:22:29"]
[TimeControl "180+0"]

1. Nf3 Nf6 2. d3 d6 3. Nbd2 Nbd7 4. e4 e5 5. Qe2 Qe7 6. g3 g6 7. h4 Bg7 8.
Bg2 Nf8 9. c3 Ne6 10. a4 Bd7 11. O-O O-O-O 12. b4 d5 13. Nxe5 dxe4 14. dxe4
Nh5 15. Nxd7 Rxd7 16. Bb2 Rhd8 17. Nc4 g5 18. Qxh5 gxh4 19. Qxh4 Bf6 20. Qg4
h6 21. Rad1 Bg5 22. Rxd7 Rxd7 23. Rd1 Rxd1+ 24. Qxd1 h5 25. Bh3 h4 26. Qf3
hxg3 27. fxg3 {Black resigns} 1-0